 Dungeon Crawl Stone Soup version 0.27-a0-1342-ga99462a43c (webtiles) character file.

Game seed: 16442309785323624191

624 Gargoyl the Skirmisher (level 7, -7/60 HPs)
             Began as a Gnoll Abyssal Knight on June 27, 2021.
             Was a Believer of Lugonu.
             Splashed by Ijyb's acid (11 damage)
             ... on level 5 of the Dungeon.
             The game lasted 00:06:29 (3586 turns).

Gargoyl the Skirmisher (Gnoll Abyssal Knight)       Turns: 3586, Time: 00:06:29

Health: -7/60      AC:  9    Str: 19    XL:     7   Next: 47%
Magic:  12/12      EV: 11    Int: 11    God:    Lugonu [**....]
Gold:   99         SH:  0    Dex: 12    Spells: 11/11 levels left

rFire    . . .     SeeInvis +   a - +1 hand axe
rCold    . . .     Faith    .   (no shield)
rNeg     + . .     Spirit   .   k - +0 plate armour
rPois    .         Reflect  .   (no helmet)
rElec    .         Harm     .   (no cloak)
rCorr    .         Rampage  .   (no gloves)
Will     .....                  h - +0 pair of boots
Stlth    ..........             (no amulet)
HPRegen  0.20/turn              c - ring "Coetid" {rN+ Str+6 SInv Stlth+}
MPRegen  0.13/turn              i - +4 ring of evasion

@: weak-willed, corroded, unable to read
A: fangs 1, strong nose, distributed training, high mp 1, inability to read
while threatened
a: Renounce Religion, Depart the Abyss, Bend Space


You were on level 5 of the Dungeon.
You worshipped Lugonu.
Lugonu was pleased with you.
You visited 1 branch of the dungeon, and saw 5 of its levels.
You visited the Abyss 1 time.

You collected 203 gold pieces.
You spent 104 gold pieces at shops.

Inventory:

Hand Weapons
 a - a +1 hand axe (weapon)
Missiles
 e - 2 poisoned darts (quivered)
Armour
 h - a +0 pair of boots (worn)
 k - a +0 plate armour (worn)
Jewellery
 c - the ring "Coetid" (left hand) {rN+ Str+6 SInv Stlth+}
   (You found it on level 2 of the Abyss)

   [ring of strength]

   It affects your strength (+6).
   It protects you from negative energy.
   It lets you see invisible.
   It makes you more stealthy.
 i - a +4 ring of evasion (right hand)
Potions
 d - 2 potions of brilliance
 g - a potion of attraction


   Skills:
 + Level 7.0 Fighting
 + Level 2.5 Short Blades
 + Level 2.5 Long Blades
 + Level 5.2 Axes
 + Level 2.5 Maces & Flails
 + Level 2.5 Polearms
 + Level 2.5 Staves
 + Level 2.5 Slings
 + Level 2.5 Bows
 + Level 2.5 Crossbows
 + Level 2.5 Throwing
 + Level 5.2 Armour
 + Level 3.6 Dodging
 + Level 2.5 Stealth
 + Level 2.5 Shields
 + Level 2.5 Unarmed Combat
 + Level 2.5 Spellcasting
 + Level 2.0 Conjurations
 + Level 2.0 Hexes
 + Level 2.0 Summonings
 + Level 2.0 Necromancy
 + Level 2.0 Translocations
 + Level 2.0 Transmutations
 + Level 2.0 Fire Magic
 + Level 2.0 Ice Magic
 + Level 2.0 Air Magic
 + Level 2.0 Earth Magic
 + Level 2.0 Poison Magic
 + Level 5.4 Invocations
 + Level 2.5 Evocations


You had 11 spell levels left.
You didn't know any spells.
Your spell library was empty.

Dungeon Overview and Level Annotations

Branches:
Dungeon (5/15)
 Temple: D:4-7

Altars:
Ashenzari
Ru
Xom
Zin

Shops:
D:2 !

Annotations:
D:5 Ijyb


Innate Abilities, Weirdness & Mutations

You have very sharp teeth.
Your uncanny sense of smell can sniff out nearby items.
Your experience applies equally to all skills.
You have an increased reservoir of magic. (+10% MP)
You sometimes lose the ability to read scrolls when taking damage.


Message History

The bolt of acid hits you but does no damage.
You are splashed with acid!
* * * LOW HITPOINT WARNING * * *
Ijyb zaps a wand.
The bolt of acid misses you.
You hit Ijyb. You bite Ijyb.
Ijyb is lightly wounded.
Ijyb barely misses you.
You barely miss Ijyb.
Ijyb is lightly wounded.
Ijyb hits you but does no damage.
You slash Ijyb!
Ijyb is heavily wounded.
Ijyb hits you but does no damage.
You hit Ijyb. Your bite misses Ijyb.
Ijyb is heavily wounded.
Ijyb hits you but does no damage.
You closely miss Ijyb.
Ijyb is heavily wounded.
Ijyb hits you but does no damage.
You closely miss Ijyb. You bite Ijyb, but do no damage.
Ijyb is heavily wounded.
Ijyb hits you but does no damage.
You hit Ijyb. You punch Ijyb, but do no damage.
Ijyb is severely wounded.
Ijyb closely misses you.
You hit Ijyb but do no damage.
Ijyb is severely wounded.
Ijyb barely misses you.
You closely miss Ijyb. You bite Ijyb.
Ijyb is severely wounded.
Ijyb hits you but does no damage.
You closely miss Ijyb. You bite Ijyb, but do no damage.
Ijyb is severely wounded.
Ijyb barely misses you.
You hit Ijyb but do no damage.
Ijyb is severely wounded.
Ijyb zaps a wand.
The bolt of acid hits you!
* * * LOW HITPOINT WARNING * * *
The acid corrodes you!
You are splashed with acid!
You die...

### #.. #.# ##
#######.###....
.......g....... .[..
#@#.# ....##.#.#
#...#..#.# ######
..........# #....#
#..#.#.##.# #.##.# .
#.#..#.#######.##.#
∆#............#.##.#
#....#.#####.#.##.#
#....#.#.......##.#


You could see Ijyb (weak-willed).

Vanquished Creatures
  Grinder (D:3)
  A large abomination (Abyss:2)
  A black bear (D:5)
  A scorpion (D:5)
  A bullfrog zombie (D:4)
  4 adders
  A white imp (D:5)
  A dart slug (D:3)
  10 orcs
  8 endoplasms
  5 giant cockroaches
  5 goblins
  7 hobgoblins
  2 quokkas
  4 ball pythons
  5 bats
  3 frilled lizards
  2 kobolds (D:3)
  4 rats
66 creatures vanquished.

Vanquished Creatures (others)
  A lurking horror (Abyss:2)
  3 plants (D:3)
4 creatures vanquished.

Grand Total: 70 creatures vanquished

Notes
Turn   | Place    | Note
-------+----------+-------------------------------------------
     0 | Abyss:1  | Gargoyl the Gnoll Abyssal Knight began the quest for the
                  | Orb.
     0 | Abyss:1  | Reached XP level 1. HP: 23/23 MP: 3/3
    30 | Abyss:2  | Found a corrupted altar of Lugonu.
    33 | Abyss:2  | Found a corrupted altar of Lugonu.
    33 | Abyss:2  | Noticed a large abomination
    37 | Abyss:2  | Killed a large abomination
    38 | Abyss:2  | Reached skill level 1 in Short Blades
    38 | Abyss:2  | Reached skill level 1 in Long Blades
    38 | Abyss:2  | Reached skill level 1 in Maces & Flails
    38 | Abyss:2  | Reached skill level 1 in Polearms
    38 | Abyss:2  | Reached skill level 1 in Staves
    38 | Abyss:2  | Reached skill level 1 in Slings
    38 | Abyss:2  | Reached skill level 1 in Bows
    38 | Abyss:2  | Reached skill level 1 in Crossbows
    38 | Abyss:2  | Reached skill level 1 in Throwing
    38 | Abyss:2  | Reached skill level 1 in Stealth
    38 | Abyss:2  | Reached skill level 1 in Shields
    38 | Abyss:2  | Reached skill level 1 in Unarmed Combat
    38 | Abyss:2  | Reached skill level 1 in Spellcasting
    38 | Abyss:2  | Reached skill level 1 in Conjurations
    38 | Abyss:2  | Reached skill level 1 in Hexes
    38 | Abyss:2  | Reached skill level 1 in Summonings
    38 | Abyss:2  | Reached skill level 1 in Necromancy
    38 | Abyss:2  | Reached skill level 1 in Translocations
    38 | Abyss:2  | Reached skill level 1 in Transmutations
    38 | Abyss:2  | Reached skill level 1 in Fire Magic
    38 | Abyss:2  | Reached skill level 1 in Ice Magic
    38 | Abyss:2  | Reached skill level 1 in Air Magic
    38 | Abyss:2  | Reached skill level 1 in Earth Magic
    38 | Abyss:2  | Reached skill level 1 in Poison Magic
    38 | Abyss:2  | Reached skill level 1 in Evocations
    38 | Abyss:2  | Reached XP level 2. HP: 29/29 MP: 5/5
    38 | Abyss:2  | Reached XP level 3. HP: 35/35 MP: 6/6
    38 | Abyss:2  | Reached XP level 4. HP: 41/41 MP: 7/7
    38 | Abyss:2  | Reached XP level 5. HP: 47/47 MP: 8/8
    57 | Abyss:2  | Identified the ring "Coetid" {rN+ Str+6 SInv Stlth+}
    96 | Abyss:2  | Noticed a large abomination
   114 | Abyss:2  | Noticed a raiju
   115 | Abyss:2  | Noticed a flying skull
   115 | Abyss:2  | Noticed a raiju
   115 | Abyss:2  | Noticed a raiju
   116 | D:1      | Escaped the Abyss
   369 | D:1      | Reached * piety under Lugonu
  1071 | D:2      | Found a faded altar of an unknown god.
  1373 | D:2      | Found Sezxaroc's Distillery.
  1385 | D:2      | Bought a potion of mutation for 104 gold pieces
  1385 | D:2      | Gained mutation: You sometimes lose the ability to read
                  | scrolls when taking damage. [potion of mutation]
  1385 | D:2      | Gained mutation: You have an increased reservoir of magic.
                  | (+10% MP) [potion of mutation]
  2066 | D:3      | Noticed Grinder
  2104 | D:3      | Killed Grinder
  2105 | D:3      | Reached skill level 5 in Axes
  2105 | D:3      | Reached skill level 5 in Armour
  2105 | D:3      | Reached skill level 5 in Invocations
  2105 | D:3      | Reached XP level 6. HP: 12/53 MP: 10/10
  2472 | D:3      | Reached ** piety under Lugonu
  2568 | D:3      | Found a sacrificial altar of Ru.
  2585 | D:3      | Reached XP level 7. HP: 56/59 MP: 12/12
  2855 | D:3      | Found a shimmering altar of Xom.
  2859 | D:3      | Found a broken altar of Ashenzari.
  2864 | D:3      | Found a glowing silver altar of Zin.
  3227 | D:5      | Entered Level 5 of the Dungeon
  3387 | D:5      | Reached skill level 7 in Fighting
  3556 | D:5      | Noticed Ijyb
  3586 | D:5      | Splashed by Ijyb's acid

Illustrated notes

Levels and vault maps discovered:
D:1:      ncdulo_wetmaze, layout_rooms, minmay_misc_feat_roman
D:2:      layout_basic, hellmonk_ecumenical_altar_slurped_away, serial_shops,
          nicolae_diamond_shop
D:3:      layout_loops_ring, nicolae_ru_great_annihilating_truth,
          grunt_temple_overflow_diamond, serial_bayou, serial_bayou_pond_b,
          serial_bayou_crossing, serial_bayou_ford_a, serial_bayou_lagoon_a,
          minivault_25, minmay_door_square, uniq_grinder
D:4:      layout_layer_cave, temple_green, grunt_ministairs_12,
          nicolae_shop_gadgets
D:5:      layout_basic, uniq_ijyb, uniq_menkaure

Skill      XL: |  1  2  3  4  5  6  7 |
---------------+----------------------+-----
Short Blades   | 1 2 |  2.5
Long Blades    | 1 2 |  2.5
Maces & Flails | 1 2 |  2.5
Polearms       | 1 2 |  2.5
Staves         | 1 2 |  2.5
Slings         | 1 2 |  2.5
Bows           | 1 2 |  2.5
Crossbows      | 1 2 |  2.5
Throwing       | 1 2 |  2.5
Stealth        | 1 2 |  2.5
Shields        | 1 2 |  2.5
Unarmed Combat | 1 2 |  2.5
Spellcasting   | 1 2 |  2.5
Conjurations   | 1 2 |  2.0
Hexes          | 1 2 |  2.0
Summonings     | 1 2 |  2.0
Necromancy     | 1 2 |  2.0
Translocations | 1 2 |  2.0
Transmutations | 1 2 |  2.0
Fire Magic     | 1 2 |  2.0
Ice Magic      | 1 2 |  2.0
Air Magic      | 1 2 |  2.0
Earth Magic    | 1 2 |  2.0
Poison Magic   | 1 2 |  2.0
Evocations     | 1 2 |  2.5
Dodging        | 3 |  3.6
Axes           | 5 |  5.2
Armour         | 5 |  5.2
Invocations    | 5 |  5.4
Fighting       | 7 |  7.0

Action                   |  1- 3 |  4- 6 |  7- 9 || total
-------------------------+-------+-------+-------++-------
Melee: Hand axe          |       |   172 |    70 ||   242
       Bite              |       |    13 |     8 ||    21
       Punch             |       |       |     1 ||     1
Invok: Depart the Abyss  |       |     1 |       ||     1
Evoke: Wand              |     4 |       |       ||     4
  Use: Scroll            |     1 |     3 |     3 ||     7
       Potion            |       |     4 |     1 ||     5
 Stab: Sleeping          |       |     6 |       ||     6
       Invisible         |       |     2 |       ||     2
       Paralysed         |       |       |     1 ||     1
Armor: Plate armour      |       |    57 |    58 ||   115
       Leather armour    |       |    31 |       ||    31
Dodge: Dodged            |       |    96 |    48 ||   144

Table legend: (Time is in decaauts)
 A = Elapsed time spent in this place.
 B = Non-inter-level travel time spent in this place.
 C = Inter-level travel time spent in this place.
 D = Time resting spent in this place.
 E = Time spent auto-exploring this place.
 F = Levels seen in this place.
 G = Mean time per level.
                   A        B        C        D        E       F      G
               +--------+--------+--------+--------+--------+-----+--------+
         Total |   3626 |   3522 |    104 |      0 |   2828 |   7 |  518.0 |
       Dungeon |   3511 |   3407 |    104 |      0 |   2747 |   5 |  702.2 |
         Abyss |    115 |    115 |      0 |      0 |     81 |   2 |   57.5 |
               +--------+--------+--------+--------+--------+-----+--------+

Top non-repeatable levels by time:
     D:3: 1596 daAuts
     D:2: 731 daAuts
     D:1: 699 daAuts
     D:5: 360 daAuts
     D:4: 124 daAuts
 Abyss:2: 108 daAuts
 Abyss:1: 7 daAuts
